 Dungeon Crawl Stone Soup version 0.26-a0-639-g72c4674329 (webtiles) character file.

Game seed: 3954652657038918736

22 Lanoc the Grasshopper (level 2, -3/26 HPs)
             Began as a Draconian Warper on Sept 22, 2020.
             Killed by nerve-wracking pain
             ... invoked by Jessica
              (12 damage)
             ... on level 2 of the Dungeon.
             The game lasted 00:01:20 (678 turns).

Lanoc the Grasshopper (Draconian Warper)             Turns: 678, Time: 00:01:20

Health: -3/26      AC:  4    Str: 13    XL:     2   Next: 68%
Magic:  5/5        EV: 12    Int: 19    God:
Gold:   52         SH:  0    Dex: 10    Spells: 3/5 levels left

rFire    . . .     SeeInvis .   a - +0 spear
rCold    . . .     Faith    .   (no shield)
rNeg     . . .     Spirit   .   (armour unavailable)
rPois    .         Reflect  .   (helmet restricted)
rElec    .         Harm     .   (no cloak)
rCorr    .         Rampage  .   (no gloves)
MR       .....                  (no boots)
Stlth    +.........             (no amulet)
HPRegen  0.08/turn              e - +6 ring of intelligence
MPRegen  0.09/turn              (no ring)

@: no status effects
A: unfitting armour, cold-blooded, AC +4
a: no special abilities


You were on level 2 of the Dungeon.
You visited 1 branch of the dungeon, and saw 3 of its levels.

You collected 52 gold pieces.

Inventory:

Hand Weapons
 a - a +0 spear (weapon)
Missiles
 d - 5 boomerangs of dispersal (quivered)
Jewellery
 e - a +6 ring of intelligence (left hand)
Scrolls
 c - a scroll of blinking
Potions
 b - 2 potions of degeneration {unknown}


   Skills:
 + Level 3.0 Fighting
 - Level 2.0 Polearms
 - Level 0.8 Throwing
 + Level 2.7 Dodging
 - Level 2.0 Spellcasting
 * Level 3.0 Translocations


You had 3 spell levels left.
You knew the following spells:

 Your Spells              Type           Power        Failure   Level
a - Blink                 Tloc           N/A          8%          2

Your spell library contained the following spells:

 Spells                   Type           Power        Failure   Level
 Gell's Gravitas          Tloc           ##........   14%         3
 Lesser Beckoning         Tloc           ##........   14%         3
 Teleport Other           Tloc           ##......     14%         3
 Passage of Golubria      Tloc           N/A          43%         4


Dungeon Overview and Level Annotations

Branches:
Dungeon (3/15)

Altars:

Annotations:
D:2 1 runed translucent door, Crazy Yiuf, Jessica


Innate Abilities, Weirdness & Mutations

Your plain brown scales are hard. (AC +4)
You cannot fit into any form of body armour.
You are cold-blooded and may be slowed by cold attacks.


Message History

Jessica gestures at you while chanting. Pain shoots through your body!
Ouch! That really hurt!
You are too injured to fight recklessly!
You are too injured to fight recklessly!
You are too injured to fight recklessly!
You hit Jessica but do no damage.
Jessica is heavily wounded.
Jessica hits you but does no damage.
You hit Jessica.
Jessica is heavily wounded.
Jessica barely misses you.
You barely miss Jessica.
Jessica is heavily wounded.
Jessica barely misses you.
You hit Jessica but do no damage.
Jessica is heavily wounded.
Jessica gestures at you while chanting. Pain shoots through your body!
You die...

#<##..###.....≈≈..........#
###.##..# #####...≈..##.....#
#.......# ###.#.≈#.#.(....#
#.............#.##...#......#
..........######.#.####...#....#
####...#### #.#.. ##..####.#
#...# #.#..# #..# #.# #...#
#>#..####..####.# #...#
######@#.............#
#....###....#@##.####.#######
......#.#.##.###...#### #
#.............#....#### ...
#.##.#.##.###...##.....
#.#..##.(............########
#.....).)....##.######
###..##.#...###<# # ###..## ###


You could see Jessica.

Vanquished Creatures
  A dart slug (D:1)
  2 leopard geckos
  A bat (D:3)
  2 giant cockroaches (D:2)
  A hobgoblin (D:2)
  A frilled lizard (D:1)
  2 goblins (D:2)
  3 kobolds
  5 rats
18 creatures vanquished.

Notes
Turn   | Place    | Note
-------+----------+-------------------------------------------
     0 | D:1      | Lanoc the Draconian Warper began the quest for the Orb.
     0 | D:1      | Reached XP level 1. HP: 17/17 MP: 3/3
   269 | D:2      | Reached XP level 2. HP: 25/25 MP: 5/5
   417 | D:2      | Found a runed translucent door.
   418 | D:2      | Noticed Crazy Yiuf
   525 | D:2      | Learned a level 2 spell: Blink
   671 | D:2      | Noticed Jessica
   678 | D:2      | Killed from afar by Jessica

Illustrated notes

Levels and vault maps discovered:
D:1:      heliophobic_arrival_glass_houses, layout_basic, minmay_misc_feat_doors
D:2:      layout_loops_ring, lemuel_round_altar, serial_rivers,
          chequers_serial_rivers_small_b, chequers_serial_rivers_micro_c,
          chequers_serial_rivers_micro_e, chequers_serial_rivers_small_3,
          chequers_serial_rivers_marsh, chequers_serial_rivers_micro_c,
          glass_columns_c, uniq_jessica, uniq_crazy_yiuf_cottage
D:3:      minmay_angry_zag, layout_basic, lemuel_round_altar,
          chequers_ecumenical_altar_simple_redux, minmay_circle_x

Skill      XL: |  1  2 |
---------------+-------+-----
Fighting       | 3 |  3.0
Polearms       | |  2.0
Throwing       | |  0.8
Dodging        | |  2.7
Spellcasting   | |  2.0
Translocations | |  3.0

Action                   || total
-------------------------++-------
Melee: Spear             ||    74
       Tailslap          ||     5
Armor: Skin              ||     7
Dodge: Dodged            ||    48

Table legend: (Time is in decaauts)
 A = Elapsed time spent in this place.
 B = Non-inter-level travel time spent in this place.
 C = Inter-level travel time spent in this place.
 D = Time resting spent in this place.
 E = Time spent auto-exploring this place.
 F = Levels seen in this place.
 G = Mean time per level.
                   A        B        C        D        E       F      G
               +--------+--------+--------+--------+--------+-----+--------+
         Total |    679 |    673 |      6 |    147 |    333 |   3 |  226.3 |
       Dungeon |    679 |    673 |      6 |    147 |    333 |   3 |  226.3 |
               +--------+--------+--------+--------+--------+-----+--------+

Top non-repeatable levels by time:
     D:2: 382 daAuts
     D:1: 221 daAuts
     D:3: 75 daAuts
